2482 views
Uploaded 2024-06-09 01:09:17
Game version 1.36 (6115)
19:21 long 4on4 ladder game on (8)FullScaleAssault
Saved by YIKIII
2482 views
Uploaded 2024-06-09 01:09:17
Game version 1.36 (6115)
19:21 long 4on4 ladder game on (8)FullScaleAssault


209 units @ 31.3k
/ 5.8k
60 buildings @ 10.3k
/ 4.4k

| Potion of Healing | 1 | 150 |
| Scroll of Town Portal | 1 | 350 |
| Dust of Appearance | 1 | 75 |
| Circlet of Nobility | 1 | 175 |
| total: | 4 | 750g |
| Wisp | 24 | 1440 | / | 0 |
| Archer | 8 | 1040 | / | 80 |
| Mountain Giant | 8 | 2800 | / | 800 |
| Dryad | 17 | 2465 | / | 1020 |
| total: | 57 | 7745g | / | 1900w |
| Ancient Protector | 2 | 270 | / | 160 |
| Altar of Elders | 1 | 180 | / | 50 |
| Moon Well | 6 | 1080 | / | 240 |
| Ancient of War | 1 | 150 | / | 60 |
| Ancient of Wonders | 1 | 90 | / | 30 |
| Hunter's Hall | 1 | 210 | / | 100 |
| Tree of Life | 2 | 680 | / | 370 |
| Ancient of Lore | 2 | 310 | / | 290 |
| Tree of Ages | 1 | 320 | / | 180 |
| Tree of Eternity | 1 | 330 | / | 200 |
| total: | 16 | 2970g | / | 1300w |
| 0:02 | Wisp |
| 0:08 | Altar of Elders |
| 0:14 | Wisp |
| 0:21 | Moon Well |
| 0:28 | Wisp |
| 0:36 | Ancient of War |
| 0:40 | Wisp |
| 0:44 | Wisp |
| 0:54 | Wisp |
| 1:26 | Moon Well |
| 1:31 | Wisp |
| 1:37 | Archer |
| 1:48 | Wisp |
| 1:56 | Ancient of Wonders |
| 2:00 | Archer |
| 2:11 | Fan of Knives |
| 2:20 | Archer |
| 2:21 | Wisp |
| 2:35 | Wisp |
| 2:37 | Archer |
| 2:48 | Wisp |
| 3:06 | Archer |
| 3:21 | Tree of Ages |
| 3:45 | Archer |
| 3:51 | Hunter's Hall |
| 3:54 | Archer |
| 4:31 | Blink |
| 4:57 | Moon Well |
| 5:00 | Strength of the Moon |
| 5:04 | Tree of Life |
| 5:25 | Archer |
| 5:45 | Improved Bows |
| 5:45 | Wisp |
| 5:46 | Wisp |
| 5:46 | Wisp |
| 5:51 | Circlet of Nobility |
| 6:01 | Fan of Knives |
| 6:12 | Ancient of Lore |
| 6:17 | Ancient of Lore |
| 6:19 | Wisp |
| 6:36 | Nature's Blessing |
| 6:57 | Ancient Protector |
| 7:02 | Wisp |
| 7:02 | Wisp |
| 7:03 | Wisp |
| 7:07 | Ancient Protector |
| 7:20 | Scroll of Town Portal |
| 7:33 | Dust of Appearance |
| 8:37 | Mountain Giant |
| 8:57 | Tree of Life |
| 9:11 | Abolish Magic |
| 9:47 | Dryad |
| 9:47 | Dryad |
| 10:05 | Dryad |
| 10:09 | Dryad |
| 10:09 | Dryad |
| 10:30 | Improved Strength of the Moon |
| 10:45 | Moon Well |
| 10:54 | Potion of Healing |
| 11:06 | Wisp |
| 11:07 | Wisp |
| 11:07 | Wisp |
| 11:24 | Wisp |
| 11:30 | Dryad |
| 12:13 | Dryad |
| 12:13 | Dryad |
| 12:13 | Dryad |
| 12:16 | Wisp |
| 12:17 | Wisp |
| 12:30 | Dryad |
| 12:41 | Dryad |
| 12:42 | Dryad |
| 12:42 | Dryad |
| 12:44 | Blink |
| 13:05 | Dryad |
| 13:05 | Dryad |
| 13:06 | Dryad |
| 13:06 | Dryad |
| 13:23 | Mountain Giant |
| 13:25 | Tree of Eternity |
| 13:41 | Ultravision |
| 13:43 | Strength of the Wild |
| 13:45 | Reinforced Hides |
| 14:13 | Mountain Giant |
| 14:16 | Moon Well |
| 14:38 | Mountain Giant |
| 15:12 | Moon Well |
| 15:24 | Mountain Giant |
| 15:47 | Hardened Skin |
| 15:47 | Resistant Skin |
| 15:57 | Mountain Giant |
| 16:05 | Improved Reinforced Hides |
| 16:06 | Advanced Reinforced Hides |
| 16:40 | Mountain Giant |
| 16:55 | Mountain Giant |
| 17:51 | Fan of Knives |
| Right click | 380 |
| Select group | 296 |
| Select | 228 |
| Build/train/purchase | 104 |
| Assign group | 70 |
| Chat | 55 |
| Misc. action | 29 |
| Use ability | 12 |
| Esc | 7 |
| Item give/drop | 4 |
| Minimap ping | 4 |
| Remove unit | 3 |

| Wisp | 23 | 1380 | / | 0 |
| Archer | 5 | 650 | / | 50 |
| Chimaera | 8 | 2640 | / | 560 |
| Goblin Zeppelin | 1 | 240 | / | 60 |
| Blue Dragon Whelp | 2 | 430 | / | 40 |
| Blue Dragon | 2 | 1490 | / | 400 |
| total: | 41 | 6830g | / | 1110w |
| Altar of Elders | 1 | 180 | / | 50 |
| Moon Well | 7 | 1260 | / | 280 |
| Ancient of War | 1 | 150 | / | 60 |
| Hunter's Hall | 1 | 210 | / | 100 |
| Tree of Life | 1 | 340 | / | 185 |
| Ancient of Wonders | 1 | 90 | / | 30 |
| Chimaera Roost | 3 | 420 | / | 570 |
| Tree of Ages | 1 | 320 | / | 180 |
| Tree of Eternity | 1 | 330 | / | 200 |
| total: | 15 | 2650g | / | 1275w |
| 0:05 | Wisp |
| 0:16 | Altar of Elders |
| 0:23 | Wisp |
| 0:25 | Moon Well |
| 0:38 | Wisp |
| 0:55 | Wisp |
| 1:06 | Moon Well |
| 1:11 | Wisp |
| 1:20 | Ancient of War |
| 1:29 | Wisp |
| 1:45 | Wisp |
| 1:57 | Wisp |
| 2:05 | Hunter's Hall |
| 2:16 | Wisp |
| 2:29 | Scout |
| 2:48 | Wisp |
| 2:57 | Wisp |
| 3:12 | Moon Well |
| 3:18 | Archer |
| 3:20 | Wisp |
| 3:23 | Tree of Ages |
| 4:01 | Archer |
| 4:07 | Moon Well |
| 4:25 | Archer |
| 4:59 | Archer |
| 5:41 | Archer |
| 5:44 | Tree of Eternity |
| 7:04 | Trueshot Aura |
| 7:40 | Moon Well |
| 8:15 | Chimaera Roost |
| 8:17 | Chimaera Roost |
| 8:20 | Chimaera Roost |
| 8:31 | Wisp |
| 8:31 | Wisp |
| 8:31 | Wisp |
| 8:32 | Wisp |
| 8:33 | Wisp |
| 8:39 | Moon Well |
| 8:50 | Trueshot Aura |
| 9:24 | Strength of the Wild |
| 9:38 | Chimaera |
| 9:38 | Corrosive Breath |
| 9:42 | Chimaera |
| 9:46 | Chimaera |
| 9:57 | Moon Well |
| 10:43 | Chimaera |
| 11:03 | Improved Strength of the Wild |
| 11:37 | Goblin Zeppelin |
| 12:33 | Tree of Life |
| 15:24 | Blue Dragon Whelp |
| 15:25 | Blue Dragon Whelp |
| 15:28 | Blue Dragon |
| 15:28 | Blue Dragon |
| 15:38 | Trueshot Aura |
| 15:44 | Wisp |
| 15:44 | Wisp |
| 15:45 | Wisp |
| 15:45 | Wisp |
| 15:47 | Wisp |
| 15:59 | Chimaera |
| 15:59 | Chimaera |
| 16:23 | Chimaera |
| 16:24 | Chimaera |
| 16:40 | Ancient of Wonders |
| 17:18 | Advanced Strength of the Wild |
| 18:30 | Wisp |
| 19:14 | Starfall |
| Right click | 345 |
| Select | 288 |
| Build/train/purchase | 62 |
| Chat | 49 |
| Use ability | 14 |
| Misc. action | 12 |
| Item give/drop | 4 |
| Remove unit | 1 |
| Minimap ping | 1 |


| Lesser Clarity Potion | 1 | 70 |
| Circlet of Nobility | 1 | 175 |
| total: | 2 | 245g |
| Peon | 10 | 750 | / | 0 |
| Troll Headhunter | 6 | 840 | / | 120 |
| Kodo Beast | 1 | 255 | / | 60 |
| Troll Witch Doctor | 10 | 1450 | / | 250 |
| Troll Berserker | 12 | 1680 | / | 240 |
| Shaman | 9 | 1170 | / | 180 |
| total: | 48 | 6145g | / | 850w |
| Altar of Storms | 1 | 180 | / | 50 |
| War Mill | 1 | 205 | / | 0 |
| Orc Burrow | 7 | 1120 | / | 280 |
| Barracks | 1 | 180 | / | 50 |
| Voodoo Lounge | 1 | 130 | / | 30 |
| Spirit Lodge | 2 | 300 | / | 300 |
| Beastiary | 1 | 145 | / | 140 |
| Stronghold | 1 | 315 | / | 190 |
| Fortress | 1 | 325 | / | 190 |
| total: | 14 | 2260g | / | 850w |
| 0:03 | Peon |
| 0:04 | Peon |
| 0:20 | Altar of Storms |
| 0:23 | Peon |
| 0:32 | War Mill |
| 0:35 | Orc Burrow |
| 0:42 | Peon |
| 0:50 | Peon |
| 1:05 | Barracks |
| 1:09 | Peon |
| 1:17 | Peon |
| 1:27 | Peon |
| 1:46 | Orc Burrow |
| 2:06 | Troll Headhunter |
| 2:14 | Troll Headhunter |
| 2:22 | Feral Spirit |
| 2:47 | Stronghold |
| 2:55 | Troll Headhunter |
| 3:09 | Troll Headhunter |
| 3:24 | Orc Burrow |
| 3:41 | Troll Headhunter |
| 3:59 | Troll Headhunter |
| 4:01 | Chain Lighting |
| 5:21 | Feral Spirit |
| 5:25 | Peon |
| 5:26 | Peon |
| 5:30 | Spirit Lodge |
| 5:32 | Spirit Lodge |
| 5:36 | Beastiary |
| 5:45 | Fortress |
| 6:06 | Circlet of Nobility |
| 6:17 | Voodoo Lounge |
| 6:41 | Hex |
| 6:49 | Shaman Adept Training |
| 6:59 | Witch Doctor Adept Training |
| 7:06 | Orc Burrow |
| 8:26 | Shaman Master Training |
| 8:26 | Witch Doctor Master Training |
| 8:27 | War Drums Damage Increase |
| 8:45 | Healing Wave |
| 8:55 | Berserker Upgrade |
| 9:44 | Chain Lighting |
| 10:01 | Kodo Beast |
| 10:03 | Troll Witch Doctor |
| 10:03 | Troll Berserker |
| 10:03 | Shaman |
| 10:06 | Steel Ranged Weapons |
| 10:09 | Orc Burrow |
| 10:12 | Troll Regeneration |
| 10:31 | Lesser Clarity Potion |
| 10:50 | Troll Witch Doctor |
| 10:50 | Troll Witch Doctor |
| 10:51 | Shaman |
| 10:51 | Shaman |
| 10:53 | Troll Berserker |
| 10:54 | Troll Berserker |
| 11:13 | Thorium Ranged Weapons |
| 11:32 | Troll Witch Doctor |
| 11:32 | Shaman |
| 11:34 | Troll Berserker |
| 11:41 | Orc Burrow |
| 12:49 | Healing Wave |
| 13:21 | Troll Witch Doctor |
| 13:22 | Troll Witch Doctor |
| 13:22 | Shaman |
| 13:23 | Troll Berserker |
| 13:24 | Shaman |
| 14:00 | Orc Burrow |
| 14:36 | Troll Witch Doctor |
| 14:37 | Troll Berserker |
| 15:07 | Troll Berserker |
| 15:52 | Chain Lighting |
| 17:09 | Troll Berserker |
| 17:09 | Troll Berserker |
| 17:09 | Troll Berserker |
| 17:10 | Troll Berserker |
| 17:10 | Troll Berserker |
| 17:11 | Shaman |
| 17:11 | Shaman |
| 17:13 | Shaman |
| 17:13 | Troll Witch Doctor |
| 17:13 | Troll Witch Doctor |
| 17:14 | Troll Witch Doctor |
| 17:33 | Hex |
| Right click | 729 |
| Select group | 701 |
| Select | 521 |
| Misc. action | 148 |
| Build/train/purchase | 107 |
| Use ability | 50 |
| Assign group | 37 |
| Esc | 5 |
| Item give/drop | 3 |

| Healing Salve | 3 | 300 |
| Lesser Clarity Potion | 3 | 210 |
| Scroll of Speed | 1 | 50 |
| Orb of Lightning | 1 | 375 |
| Potion of Mana | 1 | 200 |
| Boots of Speed | 1 | 250 |
| total: | 10 | 1385g |
| Peon | 9 | 675 | / | 0 |
| Grunt | 5 | 1000 | / | 0 |
| Wind Rider | 8 | 2120 | / | 320 |
| Troll Batrider | 39 | 6240 | / | 1560 |
| Blue Drake | 1 | 365 | / | 80 |
| Blue Dragon Whelp | 1 | 215 | / | 20 |
| total: | 63 | 10615g | / | 1980w |
| Altar of Storms | 1 | 180 | / | 50 |
| Orc Burrow | 6 | 960 | / | 240 |
| Barracks | 1 | 180 | / | 50 |
| Voodoo Lounge | 1 | 130 | / | 30 |
| War Mill | 2 | 410 | / | 0 |
| Beastiary | 4 | 580 | / | 560 |
| Stronghold | 3 | 945 | / | 570 |
| Fortress | 3 | 975 | / | 570 |
| total: | 15 | 2440g | / | 930w |
| 0:03 | Peon |
| 0:03 | Peon |
| 0:03 | Peon |
| 0:09 | Altar of Storms |
| 0:14 | Orc Burrow |
| 0:31 | Peon |
| 0:58 | Barracks |
| 1:05 | Peon |
| 1:05 | Peon |
| 1:15 | Peon |
| 1:29 | Orc Burrow |
| 1:34 | Peon |
| 1:59 | Voodoo Lounge |
| 2:05 | War Mill |
| 2:09 | Wind Walk |
| 2:16 | War Mill |
| 2:24 | Grunt |
| 2:24 | Grunt |
| 2:59 | Grunt |
| 3:14 | Stronghold |
| 3:23 | Healing Salve |
| 3:44 | Grunt |
| 4:04 | Steel Armor |
| 4:28 | Critical Strike |
| 4:49 | Steel Ranged Weapons |
| 5:13 | Orc Burrow |
| 5:16 | Orc Burrow |
| 5:44 | Beastiary |
| 5:46 | Beastiary |
| 5:50 | Beastiary |
| 5:55 | Beastiary |
| 5:57 | Thorium Armor |
| 6:20 | Peon |
| 6:37 | Grunt |
| 6:39 | Thorium Ranged Weapons |
| 7:12 | Wind Rider |
| 7:31 | Boots of Speed |
| 8:10 | Wind Rider |
| 8:10 | Wind Rider |
| 8:18 | Wind Walk |
| 8:31 | Wind Rider |
| 8:52 | Wind Rider |
| 9:31 | Healing Salve |
| 9:31 | Lesser Clarity Potion |
| 9:34 | Scroll of Speed |
| 9:57 | Orc Burrow |
| 9:59 | Orc Burrow |
| 10:01 | Reinforced Defenses |
| 10:26 | Troll Batrider |
| 10:44 | Fortress |
| 11:06 | Troll Batrider |
| 11:06 | Troll Batrider |
| 11:06 | Troll Batrider |
| 11:58 | Wind Rider |
| 11:58 | Wind Rider |
| 11:58 | Wind Rider |
| 12:38 | Blue Drake |
| 12:38 | Blue Dragon Whelp |
| 12:50 | Critical Strike |
| 13:15 | Troll Batrider |
| 13:15 | Troll Batrider |
| 13:15 | Troll Batrider |
| 13:43 | Healing Salve |
| 13:43 | Lesser Clarity Potion |
| 13:48 | Lesser Clarity Potion |
| 13:55 | Orb of Lightning |
| 14:26 | Troll Batrider |
| 14:27 | Troll Batrider |
| 14:27 | Troll Batrider |
| 14:28 | Troll Batrider |
| 14:28 | Troll Batrider |
| 15:08 | Troll Batrider |
| 15:21 | Troll Batrider |
| 15:22 | Troll Batrider |
| 15:22 | Troll Batrider |
| 15:38 | Troll Batrider |
| 15:38 | Troll Batrider |
| 15:38 | Troll Batrider |
| 16:07 | Troll Batrider |
| 16:07 | Troll Batrider |
| 16:07 | Troll Batrider |
| 16:34 | Troll Batrider |
| 16:34 | Troll Batrider |
| 17:04 | Troll Batrider |
| 17:05 | Troll Batrider |
| 17:05 | Troll Batrider |
| 17:19 | Troll Batrider |
| 17:19 | Troll Batrider |
| 17:19 | Troll Batrider |
| 17:33 | Potion of Mana |
| 17:54 | Troll Batrider |
| 17:54 | Troll Batrider |
| 17:54 | Troll Batrider |
| 18:06 | Troll Batrider |
| 18:06 | Troll Batrider |
| 18:06 | Troll Batrider |
| 19:07 | Wind Walk |
| 19:19 | Troll Batrider |
| 19:19 | Troll Batrider |
| 19:19 | Troll Batrider |
| Right click | 969 |
| Select group | 585 |
| Select | 279 |
| Build/train/purchase | 127 |
| Use ability | 45 |
| Assign group | 28 |
| Chat | 19 |
| Minimap ping | 4 |
| Misc. action | 3 |
| Item give/drop | 2 |
169 units @ 22.7k
/ 3.1k
65 buildings @ 11.2k
/ 4.2k

| Orb of Venom | 1 | 325 |
| Scroll of Town Portal | 1 | 350 |
| total: | 2 | 675g |
| Wisp | 27 | 1620 | / | 0 |
| Archer | 7 | 910 | / | 70 |
| Huntress | 8 | 1560 | / | 160 |
| Dryad | 7 | 1015 | / | 420 |
| Druid of the Claw | 3 | 765 | / | 240 |
| total: | 52 | 5870g | / | 890w |
| Ancient Protector | 2 | 270 | / | 160 |
| Altar of Elders | 1 | 180 | / | 50 |
| Moon Well | 9 | 1620 | / | 360 |
| Ancient of War | 1 | 150 | / | 60 |
| Hunter's Hall | 1 | 210 | / | 100 |
| Tree of Life | 1 | 340 | / | 185 |
| Ancient of Wonders | 2 | 180 | / | 60 |
| Ancient of Lore | 2 | 310 | / | 290 |
| Tree of Ages | 1 | 320 | / | 180 |
| Tree of Eternity | 1 | 330 | / | 200 |
| total: | 19 | 3260g | / | 1265w |
| 0:06 | Wisp |
| 0:07 | Wisp |
| 0:12 | Altar of Elders |
| 0:17 | Moon Well |
| 0:36 | Wisp |
| 0:36 | Wisp |
| 0:46 | Ancient of War |
| 0:54 | Wisp |
| 1:06 | Wisp |
| 1:22 | Wisp |
| 1:39 | Moon Well |
| 1:44 | Wisp |
| 1:51 | Archer |
| 2:04 | Moon Well |
| 2:13 | Immolation |
| 2:45 | Archer |
| 2:50 | Tree of Ages |
| 3:09 | Moon Well |
| 3:41 | Archer |
| 3:47 | Hunter's Hall |
| 4:02 | Archer |
| 4:14 | Evasion |
| 4:32 | Archer |
| 5:09 | Huntress |
| 5:12 | Wisp |
| 5:12 | Wisp |
| 5:16 | Wisp |
| 5:44 | Tree of Life |
| 6:01 | Ancient Protector |
| 6:21 | Ancient Protector |
| 6:28 | Huntress |
| 6:32 | Tree of Eternity |
| 7:18 | Strength of the Moon |
| 7:39 | Huntress |
| 7:46 | Ancient of Lore |
| 8:11 | Immolation |
| 8:28 | Ancient of Wonders |
| 8:44 | Wisp |
| 8:44 | Wisp |
| 8:44 | Wisp |
| 8:44 | Wisp |
| 8:45 | Wisp |
| 8:55 | Archer |
| 9:00 | Strength of the Wild |
| 9:03 | Dryad |
| 9:06 | Abolish Magic |
| 10:01 | Wisp |
| 10:02 | Wisp |
| 10:02 | Wisp |
| 10:11 | Dryad |
| 10:14 | Archer |
| 10:17 | Improved Strength of the Wild |
| 10:28 | Moon Well |
| 10:29 | Moon Well |
| 11:15 | Ancient of Wonders |
| 11:35 | Dryad |
| 11:39 | Huntress |
| 11:41 | Huntress |
| 11:42 | Moon Glaive |
| 11:44 | Advanced Strength of the Wild |
| 12:27 | Evasion |
| 12:55 | Dryad |
| 12:56 | Druid of the Claw |
| 13:30 | Dryad |
| 13:37 | Ancient of Lore |
| 14:23 | Dryad |
| 14:26 | Huntress |
| 14:28 | Huntress |
| 14:31 | Druid of the Claw Adept Training |
| 14:57 | Moon Well |
| 14:58 | Moon Well |
| 15:00 | Moon Well |
| 15:05 | Scroll of Town Portal |
| 15:06 | Orb of Venom |
| 15:25 | Reinforced Hides |
| 15:28 | Dryad |
| 16:17 | Druid of the Claw Master Training |
| 16:20 | Wisp |
| 16:20 | Wisp |
| 16:20 | Wisp |
| 16:23 | Wisp |
| 16:23 | Wisp |
| 16:23 | Wisp |
| 16:23 | Wisp |
| 16:23 | Wisp |
| 16:47 | Druid of the Claw |
| 18:20 | Druid of the Claw |
| 18:24 | Huntress |
| 19:03 | Evasion |
| Right click | 426 |
| Select | 188 |
| Build/train/purchase | 79 |
| Select group | 58 |
| Assign group | 26 |
| Use ability | 8 |
| Misc. action | 2 |
| Minimap ping | 1 |



| Scroll of Healing | 1 | 250 |
| Potion of Lesser Invulnerability | 1 | 150 |
| Boots of Speed | 2 | 500 |
| Scroll of Protection | 1 | 150 |
| total: | 5 | 1050g |
| Peon | 7 | 525 | / | 0 |
| Troll Headhunter | 9 | 1260 | / | 180 |
| Wind Rider | 11 | 2915 | / | 440 |
| Troll Berserker | 5 | 700 | / | 100 |
| Goblin Shredder | 1 | 375 | / | 100 |
| Hippogryph | 25 | 4000 | / | 500 |
| total: | 58 | 9775g | / | 1320w |
| Altar of Storms | 1 | 180 | / | 50 |
| Orc Burrow | 6 | 960 | / | 240 |
| War Mill | 1 | 205 | / | 0 |
| Barracks | 1 | 180 | / | 50 |
| Great Hall | 1 | 385 | / | 185 |
| Voodoo Lounge | 1 | 130 | / | 30 |
| Beastiary | 2 | 290 | / | 280 |
| Stronghold | 1 | 315 | / | 190 |
| Fortress | 1 | 325 | / | 190 |
| Moon Well | 3 | 540 | / | 120 |
| total: | 16 | 2870g | / | 955w |
| 0:03 | Peon |
| 0:03 | Peon |
| 0:03 | Peon |
| 0:21 | Altar of Storms |
| 0:36 | Orc Burrow |
| 0:42 | Peon |
| 0:52 | War Mill |
| 1:05 | Peon |
| 1:05 | Peon |
| 1:14 | Barracks |
| 1:27 | Peon |
| 1:49 | Orc Burrow |
| 2:18 | Troll Headhunter |
| 2:24 | Troll Headhunter |
| 2:49 | Troll Headhunter |
| 2:56 | War Stomp |
| 3:09 | Stronghold |
| 3:15 | Troll Headhunter |
| 3:45 | Troll Headhunter |
| 3:52 | Troll Headhunter |
| 4:16 | Great Hall |
| 4:29 | Troll Headhunter |
| 4:46 | Orc Burrow |
| 5:37 | Endurance Aura |
| 5:49 | Goblin Shredder |
| 6:23 | Voodoo Lounge |
| 6:26 | Fortress |
| 6:55 | Troll Headhunter |
| 6:56 | Troll Headhunter |
| 7:22 | Endurance Aura |
| 7:33 | Beastiary |
| 7:43 | Healing Wave |
| 8:21 | Potion of Lesser Invulnerability |
| 8:29 | Boots of Speed |
| 8:38 | Boots of Speed |
| 8:38 | Scroll of Protection |
| 8:39 | Scroll of Healing |
| 8:48 | Berserker Upgrade |
| 8:50 | Wind Rider |
| 9:07 | Hippogryph |
| 9:08 | Hippogryph |
| 9:08 | Hippogryph |
| 9:46 | Troll Berserker |
| 10:23 | Troll Berserker |
| 10:25 | Hippogryph |
| 10:26 | Hippogryph |
| 10:26 | Hippogryph |
| 10:51 | Orc Burrow |
| 10:52 | Orc Burrow |
| 10:53 | Orc Burrow |
| 11:03 | Moon Well |
| 11:04 | Moon Well |
| 11:05 | Moon Well |
| 11:30 | Hippogryph |
| 11:30 | Hippogryph |
| 11:31 | Hippogryph |
| 11:31 | Hippogryph |
| 11:50 | Hippogryph |
| 11:50 | Hippogryph |
| 12:17 | War Stomp |
| 12:39 | Hex |
| 13:10 | Healing Wave |
| 13:35 | Hippogryph |
| 13:35 | Hippogryph |
| 13:40 | Wind Rider |
| 13:40 | Wind Rider |
| 13:42 | Troll Berserker |
| 13:42 | Troll Berserker |
| 13:50 | Beastiary |
| 14:16 | Troll Berserker |
| 14:17 | Wind Rider |
| 14:17 | Wind Rider |
| 14:19 | Hippogryph |
| 14:19 | Hippogryph |
| 14:19 | Hippogryph |
| 14:39 | Steel Ranged Weapons |
| 14:39 | Steel Armor |
| 14:40 | Reinforced Defenses |
| 14:59 | Wind Rider |
| 14:59 | Wind Rider |
| 15:00 | Wind Rider |
| 15:18 | Hippogryph |
| 15:18 | Hippogryph |
| 15:19 | Hippogryph |
| 15:41 | Wind Rider |
| 15:42 | Hippogryph |
| 15:43 | Hippogryph |
| 16:03 | Wind Rider |
| 16:04 | Envenomed Spears |
| 16:17 | Wind Rider |
| 16:19 | Hippogryph |
| 16:19 | Hippogryph |
| 17:14 | Hippogryph |
| 18:36 | Drunken Haze |
| Select group | 853 |
| Right click | 603 |
| Select | 182 |
| Build/train/purchase | 95 |
| Assign group | 33 |
| Use ability | 11 |
| Resource trade | 9 |
| Item give/drop | 3 |
| Minimap ping | 2 |
| Remove unit | 1 |



| Healing Salve | 2 | 200 |
| Lesser Clarity Potion | 1 | 70 |
| Orb of Lightning | 1 | 375 |
| Boots of Speed | 1 | 250 |
| total: | 5 | 895g |
| Peon | 14 | 1050 | / | 0 |
| Troll Headhunter | 10 | 1400 | / | 200 |
| Kodo Beast | 2 | 510 | / | 120 |
| Shaman | 3 | 390 | / | 60 |
| Troll Berserker | 2 | 280 | / | 40 |
| Troll Batrider | 3 | 480 | / | 120 |
| Demolisher | 1 | 220 | / | 50 |
| Goblin Shredder | 2 | 750 | / | 200 |
| total: | 37 | 5080g | / | 790w |
| Watch Tower | 3 | 330 | / | 240 |
| Orc Burrow | 5 | 800 | / | 200 |
| Altar of Storms | 1 | 180 | / | 50 |
| War Mill | 2 | 410 | / | 0 |
| Barracks | 2 | 360 | / | 100 |
| Voodoo Lounge | 3 | 390 | / | 90 |
| Great Hall | 1 | 385 | / | 185 |
| Beastiary | 1 | 145 | / | 140 |
| Spirit Lodge | 2 | 300 | / | 300 |
| Stronghold | 2 | 630 | / | 380 |
| Fortress | 2 | 650 | / | 380 |
| total: | 20 | 3300g | / | 1305w |
| 0:02 | Peon |
| 0:02 | Peon |
| 0:03 | Peon |
| 0:15 | Orc Burrow |
| 0:17 | Peon |
| 0:18 | Peon |
| 0:33 | Altar of Storms |
| 0:41 | Peon |
| 0:47 | War Mill |
| 1:04 | Peon |
| 1:10 | Barracks |
| 1:18 | Peon |
| 1:33 | Peon |
| 1:40 | Orc Burrow |
| 1:48 | Peon |
| 1:48 | Peon |
| 2:05 | Voodoo Lounge |
| 2:14 | Troll Headhunter |
| 2:15 | Troll Headhunter |
| 2:29 | Peon |
| 2:49 | Mirror Image |
| 2:56 | Troll Headhunter |
| 3:10 | Troll Headhunter |
| 3:21 | Stronghold |
| 3:36 | Troll Headhunter |
| 3:59 | Critical Strike |
| 4:03 | Troll Headhunter |
| 4:05 | Orc Burrow |
| 4:15 | Healing Salve |
| 4:59 | Great Hall |
| 5:45 | Beastiary |
| 6:27 | Fortress |
| 6:29 | Spirit Lodge |
| 6:58 | Hex |
| 7:06 | Boots of Speed |
| 7:13 | Kodo Beast |
| 7:54 | Critical Strike |
| 8:31 | Orc Burrow |
| 8:32 | Watch Tower |
| 8:35 | Watch Tower |
| 8:38 | Watch Tower |
| 8:49 | War Drums Damage Increase |
| 8:50 | Troll Headhunter |
| 8:53 | Steel Ranged Weapons |
| 8:55 | Shaman Adept Training |
| 8:55 | Shaman Master Training |
| 9:42 | Healing Salve |
| 9:42 | Lesser Clarity Potion |
| 9:47 | Orb of Lightning |
| 10:38 | Troll Regeneration |
| 10:40 | Barracks |
| 11:56 | Healing Wave |
| 12:36 | Wind Walk |
| 12:48 | Healing Wave |
| 13:00 | Troll Headhunter |
| 13:00 | Troll Headhunter |
| 13:01 | Kodo Beast |
| 13:28 | Goblin Shredder |
| 13:28 | Goblin Shredder |
| 13:32 | Thorium Ranged Weapons |
| 13:32 | Arcanite Ranged Weapons |
| 13:40 | Orc Burrow |
| 13:57 | Berserker Upgrade |
| 13:59 | Troll Headhunter |
| 14:23 | Voodoo Lounge |
| 14:24 | Voodoo Lounge |
| 14:27 | Peon |
| 14:27 | Peon |
| 14:34 | War Mill |
| 14:42 | Shaman |
| 14:43 | Shaman |
| 14:56 | Troll Berserker |
| 14:58 | Troll Batrider |
| 15:00 | Troll Batrider |
| 15:00 | Troll Batrider |
| 15:51 | Steel Armor |
| 15:52 | Troll Berserker |
| 15:54 | Shaman |
| 15:56 | Spirit Lodge |
| 16:43 | Reinforced Defenses |
| 16:50 | Demolisher |
| 16:54 | Frost Arrows |
| 18:17 | Spiked Barricades |
| Right click | 832 |
| Select group | 518 |
| Select | 395 |
| Misc. action | 165 |
| Build/train/purchase | 105 |
| Assign group | 70 |
| Use ability | 24 |
| Minimap ping | 10 |
| Item give/drop | 2 |
| Remove unit | 2 |
| Esc | 1 |

| Wisp | 14 | 840 | / | 0 |
| Archer | 6 | 780 | / | 60 |
| Hippogryph | 1 | 160 | / | 20 |
| Goblin Zeppelin | 1 | 240 | / | 60 |
| total: | 22 | 2020g | / | 140w |
| Altar of Elders | 1 | 180 | / | 50 |
| Moon Well | 5 | 900 | / | 200 |
| Ancient of War | 1 | 150 | / | 60 |
| Hunter's Hall | 1 | 210 | / | 100 |
| Ancient of Wind | 2 | 300 | / | 280 |
| Tree of Ages | 1 | 320 | / | 180 |
| Tree of Eternity | 1 | 330 | / | 200 |
| total: | 10 | 1740g | / | 690w |
| 0:12 | Wisp |
| 0:18 | Altar of Elders |
| 0:20 | Moon Well |
| 0:24 | Wisp |
| 0:41 | Wisp |
| 0:55 | Wisp |
| 1:06 | Wisp |
| 1:21 | Wisp |
| 1:27 | Wisp |
| 1:39 | Ancient of War |
| 1:42 | Wisp |
| 1:48 | Moon Well |
| 1:50 | Wisp |
| 2:13 | Wisp |
| 2:22 | Wisp |
| 2:29 | Wisp |
| 2:50 | Breath of Fire |
| 3:00 | Archer |
| 3:02 | Tree of Ages |
| 3:24 | Archer |
| 3:30 | Hunter's Hall |
| 4:05 | Archer |
| 4:12 | Moon Well |
| 4:28 | Archer |
| 4:33 | Strength of the Moon |
| 4:54 | Drunken Brawler |
| 5:06 | Archer |
| 5:10 | Moon Well |
| 5:31 | Improved Bows |
| 5:35 | Wisp |
| 5:35 | Wisp |
| 5:38 | Ancient of Wind |
| 5:44 | Ancient of Wind |
| 6:08 | Moon Well |
| 6:11 | Archer |
| 7:27 | Goblin Zeppelin |
| 7:34 | Hippogryph |
| 7:37 | Tree of Eternity |
| Right click | 119 |
| Select | 86 |
| Select group | 35 |
| Build/train/purchase | 29 |
| Assign group | 10 |
| Use ability | 6 |
| Esc | 1 |
⇛